 Dungeon Crawl Stone Soup version 0.27-a0-25-g087482e4d5 (webtiles) character file.

Game seed: 13377865570645062381

11925 DocSulfur the Covert (level 12, -2/59 HPs)
             Began as a Kobold Enchanter on Jan 2, 2021.
             Was a Priest of Dithmenos.
             Shot with an arrow by something (9 damage)
             ... on level 12 of the Dungeon on Jan 3, 2021.
             The game lasted 01:29:07 (18736 turns).

DocSulfur the Covert (Kobold Enchanter)            Turns: 18736, Time: 01:29:08

Health: -2/59      AC:  8    Str:  6    XL:     12   Next: 13%
Magic:  23/23      EV: 20    Int: 17    God:    Dithmenos [***...]
Gold:   554        SH:  0    Dex: 19    Spells: 14/26 levels left

rFire    + . .     SeeInvis .   N - +1 dagger (elec)
rCold    + . .     Faith    +   (shield restricted)
rNeg     . . .     Spirit   .   D - +1 robe {rC+ rF+}
rPois    .         Reflect  .   h - +1 helmet
rElec    .         Harm     .   I - +0 cloak
rCorr    .         Rampage  .   f - +0 pair of gloves
Will     .....                  e - +0 pair of boots Stlth *+++++++++
                                H - amulet of faith
HPRegen  0.19/turn              k - ring of stealth
MPRegen  0.18/turn              d - ring of stealth

@: lethally poisoned (-2 -> -31), wreathed by umbra
A: small, nightstalker 3
a: Renounce Religion, Shadow Step


You were on level 12 of the Dungeon.
You worshipped Dithmenos.
Dithmenos was most pleased with you.
You visited 2 branches of the dungeon, and saw 13 of its levels.
You also visited: Sewer.

You collected 599 gold pieces.
You spent 45 gold pieces at shops.

Inventory:

Hand Weapons
 N - a +1 dagger of electrocution (weapon)
Missiles
 g - 40 poisoned darts (quivered)
 C - 6 curare-tipped darts
Armour
 e - a +0 pair of boots (worn)
 f - a +0 pair of gloves (worn)
 h - a +1 helmet (worn)
 D - a +1 robe of resistance (worn)
 G - the +0 leather armour "Ylaloysk" {rPois, unknown}
   (You found it on level 8 of the Dungeon)

   It protects you from poison.
 I - a +0 cloak (worn)
Jewellery
 d - a ring of stealth (right hand)
 i - an uncursed ring of positive energy
 k - a ring of stealth (left hand)
 u - a +4 ring of evasion
 v - a +6 ring of strength
 x - an uncursed ring of protection from cold
 A - an uncursed ring of resist corrosion
 H - an amulet of faith (around neck)
 K - an uncursed ring of positive energy
Wands
 a - a wand of paralysis (1)
 b - a wand of digging (5)
 t - a wand of flame (5)
 J - a wand of polymorph (6)
Scrolls
 c - 2 scrolls of blinking
 p - 5 scrolls of remove curse
 s - 3 scrolls of enchant armour
 y - 2 scrolls of magic mapping
 B - 2 scrolls of immolation
 E - a scroll of fear
 M - 2 scrolls of teleportation
Potions
 j - 4 potions of lignification
 l - 3 potions of ambrosia
 m - 2 potions of mutation {unknown}
 n - 5 potions of might
 o - 2 potions of brilliance
 q - a potion of heal wounds
 r - 4 potions of flight {unknown}
 z - 6 potions of curing
 F - 2 potions of cancellation {unknown}
 L - 2 potions of haste {unknown}


   Skills:
 - Level 10.0 Short Blades
 + Level 6.6 Dodging
 + Level 10.8 Stealth
 + Level 7.9 Spellcasting
 - Level 6.0 Conjurations
 + Level 9.5 Hexes
 - Level 6.0 Ice Magic


You had 14 spell levels left.
You knew the following spells:

 Your Spells              Type           Power        Failure   Level
a - Corona                Hex            43%          1%          1
b - Ensorcelled Hibernat  Hex/Ice        66%          1%          2
c - Confusing Touch       Hex            39%          1%          3
d - Tukima's Dance        Hex            39%          1%          3
e - Dazzling Flash        Conj/Hex       66%          1%          3

Your spell library contained the following spells:

 Spells                   Type           Power        Failure   Level
 Animate Skeleton         Necr           12%          11%         1
 Apportation              Tloc           12%          11%         1
 Summon Small Mammal      Summ           24%          11%         1
 Silence                  Hex/Air        11%          38%         5
 Borgnjor's Vile Clutch   Necr/Erth      3%           96%         5
 Shadow Creatures         Summ           N/A          100%        6


Dungeon Overview and Level Annotations

Branches:
Dungeon (12/15)            Temple (1/1) D:7            Lair (0/6) D:9
    Orc (0/2) D:12          Sewer (visited)

Altars:
Ashenzari
Cheibriados
Dithmenos
Elyvilon
Fedhas
Gozag
Hepliaklqana
Kikubaaqudgha
Makhleb
Nemelex Xobeh
Okawaru
Qazlal
Ru
Sif Muna
Trog
Uskayaw
Vehumet
Wu Jian
Xom
Yredelemnul
Zin
The Shining One

Shops:
D:5 *   D:6 :   D:8 [

Annotations:
D:8 Gastronok
D:12 Nessos


Innate Abilities, Weirdness & Mutations

You are small and have problems with some larger weapons.
You are completely attuned to the shadows.


Message History

You see here an arrow.
Okay, then.
You feel much better.
You feel sick.
You hear a loud twanging sound.
An arrow appears from out of thin air!
The arrow hits you! The arrow burns you.
You are more poisoned.
You hear a loud twanging sound.
An arrow appears from out of thin air!
The arrow hits you!
* * * LOW HITPOINT WARNING * * *
You are more poisoned.
As you read the scroll of fog, it crumbles to dust.
The scroll dissolves into smoke.
* * * LOW HITPOINT WARNING * * *
You feel very sick. The quasit misses you. The quasit claws you.
* * * LOW HITPOINT WARNING * * *
The quasit completely misses you.
You hear a loud twanging sound.
An arrow appears from out of thin air!
The arrow hits you!
You die...

#..#.........##...# #.#
#####.#......).........#.#
..(...#................#.#
......#..........####..#.#
####.##..........# #..#.#
#.......>.....# #..#.#
#######....)§.§.## #..#.#
# #............§5§#
###..#.# .
#.#####....))§@§# #....#.#
#.#.# #.....§§§§# #.#....#
.#.# #.....{§.§###.######
#.#.#### .......))....#
..#....######.#.#######
.†####......#...# ..#
#......###.# ..#
#....)...))# ..#
#.....####'##


You could see a quasit.

Vanquished Creatures
  4 two-headed ogres
  An unseen horror (D:10)
  An ugly thing (D:12)
  A deep elf mage (D:12)
  Maurice (D:8)
  A gargoyle (D:12)
  A kobold demonologist (D:9)
  A troll (D:9)
  2 slime creatures (D:12)
  Grinder (D:3)
  A meliai zombie (D:12)
  A wraith (D:12)
  A wyvern (D:7)
  5 orc warriors
  A black bear (D:7)
  8 ice beasts
  An eye of draining (D:12)
  3 phantoms
  2 ogres
  7 centaurs
  7 big kobolds
  2 bullfrogs
  A gnoll sergeant (D:12)
  A wyvern skeleton (D:7)
  3 scorpions
  9 killer bees (D:11)
  16 wights
  An electric eel (D:12)
  A howler monkey (D:5)
  A bullfrog zombie (D:12)
  3 hounds
  2 quasits (Sewer)
  2 centaur zombies
  4 orc priests
  A jelly (D:7)
  3 orc wizards
  2 centaur skeletons (D:7)
  A bullfrog skeleton (D:4)
  3 iguanas
  Natasha (thrice) (D:4)
  4 worker ants
  A killer bee zombie (D:10)
  4 big kobold zombies (Sewer)
  A worker ant zombie (D:10)
  4 gnolls
  15 adders
  7 shadow imps
  A white imp (D:7)
  5 ufetubi
  2 oozes
  An adder zombie (D:8)
  An adder skeleton (D:6)
  5 worms
  2 dart slugs
  11 leopard geckos
  27 orcs
  15 bats
  5 giant cockroaches
  14 goblins
  6 hobgoblins
  8 jackals
  49 kobolds
  9 quokkas
  A ball python (Sewer)
  5 frilled lizards
  10 kobold skeletons (D:9)
  10 kobold zombies
  A quokka skeleton (D:6)
  8 rats
342 creatures vanquished.

Vanquished Creatures (collateral kills)
  2 ogres
  A water moccasin skeleton (D:6)
  An orc priest (D:4)
  A shadow imp (D:9)
  A quokka (D:6)
6 creatures vanquished.

Vanquished Creatures (others)
  3 dancing weapons
  A big kobold zombie (Sewer)
  An ooze (Sewer)
  A plant (D:8)
6 creatures vanquished.

Grand Total: 354 creatures vanquished

Notes
Turn   | Place    | Note
-------+----------+-------------------------------------------
     0 | D:1      | DocSulfur the Kobold Enchanter began the quest for the Orb.
     0 | D:1      | Reached XP level 1. HP: 10/10 MP: 3/3
   262 | D:1      | Reached XP level 2. HP: 15/15 MP: 5/5
   265 | D:1      | Learned a level 2 spell: Ensorcelled Hibernation
   386 | D:1      | Reached skill level 1 in Ice Magic
   480 | D:1      | Reached XP level 3. HP: 19/19 MP: 6/6
   756 | D:1      | Reached skill level 1 in Conjurations
  1391 | D:1      | Reached XP level 4. HP: 22/24 MP: 3/7
  1797 | D:2      | Learned a level 3 spell: Confusing Touch
  2239 | D:2      | Reached XP level 5. HP: 28/28 MP: 9/9
  2948 | D:3      | Learned a level 3 spell: Tukima's Dance
  3613 | D:3      | Found a sparkling altar of Nemelex Xobeh.
  3613 | D:3      | Noticed Grinder
  3898 | D:3      | You fall into a shaft and drop 1 floor!
  4027 | D:3      | Reached XP level 6. HP: 32/32 MP: 7/10
  4187 | D:5      | Entered Level 5 of the Dungeon
  4516 | D:5      | Found Qammuoge's General Store.
  4521 | D:5      | Bought a scroll of remove curse for 45 gold pieces
  4539 | D:5      | Noticed a phantom
  4595 | D:5      | Found a glowing drain.
  4608 | Sewer    | Entered a sewer
  5010 | Sewer    | Found a burning altar of Makhleb.
  5237 | Sewer    | Reached XP level 7. HP: 33/36 MP: 8/12
  5279 | Sewer    | Reached skill level 5 in Hexes
  5690 | D:5      | Found a shimmering blue altar of Sif Muna.
  5757 | D:5      | Learned a level 3 spell: Dazzling Flash
  5784 | D:4      | Found a blossoming altar of Fedhas.
  6167 | D:4      | Noticed Natasha
  6473 | D:4      | Found a shimmering blue altar of Sif Muna.
  6602 | D:4      | Found a snail-covered altar of Cheibriados.
  6647 | D:4      | Killed Natasha
  6940 | D:4      | Noticed Natasha
  6953 | D:4      | Killed Natasha
  6954 | D:4      | Reached XP level 8. HP: 32/41 MP: 11/14
  7056 | D:4      | Noticed Natasha
  7070 | D:4      | Killed Natasha
  7248 | D:3      | Killed Grinder
  8040 | D:5      | Found an ornate altar of the Wu Jian Council.
  8451 | D:6      | Found Lonihuh's Book Boutique.
  9129 | D:6      | Reached skill level 5 in Spellcasting
  9129 | D:6      | Reached skill level 5 in Ice Magic
  9129 | D:6      | Reached XP level 9. HP: 45/45 MP: 16/16
 10050 | D:7      | Found a broken altar of Ashenzari.
 10405 | D:7      | Found a staircase to the Ecumenical Temple.
 10414 | Temple   | Entered the Ecumenical Temple
 11258 | D:7      | Reached skill level 5 in Conjurations
 11606 | D:7      | You fall into a shaft and drop 3 floors!
 11606 | D:10     | Entered Level 10 of the Dungeon
 11779 | D:7      | Reached skill level 5 in Stealth
 12325 | D:7      | Reached XP level 10. HP: 50/50 MP: 9/19
 12633 | D:8      | Found Kyhuifargh's Antique Armour Boutique.
 12664 | D:8      | Found an opulent altar of Gozag.
 12688 | D:8      | Noticed Gastronok
 12701 | D:8      | Found a basalt altar of Yredelemnul.
 12708 | D:8      | Noticed Maurice
 13431 | D:8      | Got an ancient leather armour
 13657 | D:8      | Killed Maurice
 13658 | D:8      | Reached skill level 5 in Short Blades
 13844 | D:9      | Found a staircase to the Lair.
 13929 | D:9      | Found a shadowy altar of Dithmenos.
 13929 | D:9      | Found a hazy altar of Hepliaklqana.
 13934 | D:9      | Became a worshipper of Dithmenos the Shadowed
 14094 | D:9      | Noticed a two-headed ogre
 14103 | D:9      | Killed a two-headed ogre
 14458 | D:9      | Reached * piety under Dithmenos
 14529 | D:9      | Noticed a kobold demonologist
 14774 | D:9      | Killed a kobold demonologist
 14814 | D:9      | Found an ancient bone altar of Kikubaaqudgha.
 15003 | D:9      | Noticed a two-headed ogre
 15012 | D:9      | HP: 2/50 [two-headed ogre (6)]
 15311 | D:9      | Found a white marble altar of Elyvilon.
 15358 | D:9      | Killed a two-headed ogre
 15359 | D:9      | Reached skill level 10 in Stealth
 15359 | D:9      | Reached XP level 11. HP: 54/54 MP: 13/20
 15484 | D:10     | Noticed a two-headed ogre
 15629 | D:10     | Reached skill level 10 in Short Blades
 15779 | D:10     | Killed a two-headed ogre
 15879 | D:10     | Noticed an unseen horror
 15893 | D:10     | Killed an unseen horror
 16274 | D:10     | Reached ** piety under Dithmenos
 16966 | D:11     | Noticed a brown ugly thing
 16975 | D:11     | Noticed a two-headed ogre
 16985 | D:11     | Noticed a cyclops
 17013 | D:11     | Reached skill level 5 in Dodging
 17288 | D:12     | Noticed a two-headed ogre
 17325 | D:12     | Reached *** piety under Dithmenos
 17510 | D:12     | Noticed a deep elf mage
 17586 | D:12     | Killed a two-headed ogre
 17886 | D:12     | Noticed a white ugly thing
 17891 | D:12     | Killed a white ugly thing
 17895 | D:12     | Found a staircase to the Orcish Mines.
 18073 | D:12     | Reached XP level 12. HP: 16/59 MP: 19/23
 18720 | D:12     | Noticed Nessos
 18736 | D:12     | Shot with an arrow by something

Illustrated notes

Levels and vault maps discovered:
D:1:      erik_arrival_orb_chamber, layout_basic, corexii_leaking_fountain
D:2:      layout_basic
D:3:      layout_basic, nemelex_xobeh_ov_fountains_minmay, uniq_grinder
D:4:      minmay_inner_zag, layout_cave_pools, led_sif_pool,
          lemuel_doored_altar, kennysheep_slug_shrine,
          kennysheep_generic_room_7, uniq_natasha
D:5:      layout_gridville, overflow_temple_1_default, serial_shops, shop,
          basic_altar, cheibrodos_sewer_entry_sluice, amcnicky_mini_pool_small
D:6:      layout_basic, serial_shops, shop, roderic_serpentine_path,
          supply_closet_lemuel
D:7:      layout_loops_ring, general_overflow_altar,
          minmay_temple_entry_crystal_x
D:8:      layout_rooms, grunt_gozag_breadcrumbs, serial_shops,
          nicolae_shop_overgrown_old_shop, basic_altar, uniq_gastronok,
          uniq_maurice
D:9:      wander_kiku_kobolds, layout_cave_pools,
          riverfiend_overflow_shadow_ancestor, basic_altar
D:10:     layout_long_grid
D:11:     minmay_twisted_water, layout_basic
D:12:     layout_basic, david_orc_3, nrook_mini_backslash,
          lemuel_flamethrower_hall, uniq_nessos
Temple:   minmay_temple_curvy_branch

Skill      XL: |  1  2  3  4  5  6  7  8  9 10 11 |
---------------+----------------------------------+-----
Ice Magic      | 1 2 3 4 5 6 |  6.0
Conjurations   | 1 2 3 4 5 6 |  6.0
Hexes          | 4 5 7 8 9 |  9.5
Spellcasting   | 3 4 5 6 7 |  7.9
Short Blades   | 3 9 10 | 10.0
Stealth        | 5 10 | 10.8
Dodging        | 6 |  6.6

Action                   |  1- 3 |  4- 6 |  7- 9 | 10-12 || total
-------------------------+-------+-------+-------+-------++-------
Melee: Dagger            |   111 |   228 |   419 |   637 ||  1395
Throw: Dart              |     1 |    22 |    10 |     1 ||    34
 Cast: Corona            |    27 |    24 |    15 |     5 ||    71
       Ensorcelled Hiber |     7 |    20 |     7 |    13 ||    47
       Confusing Touch   |       |    11 |    43 |    50 ||   104
       Dazzling Flash    |       |       |     7 |    33 ||    40
       Tukima's Dance    |       |       |     3 |     7 ||    10
Invok: Shadow Step       |       |       |       |     1 ||     1
Evoke: Wand              |       |       |     3 |     2 ||     5
  Use: Scroll            |       |     8 |     8 |     5 ||    21
       Potion            |       |       |     1 |     3 ||     4
 Stab: Sleeping          |    17 |    39 |    40 |    43 ||   139
       Confused          |       |     8 |    41 |    37 ||    86
       Invisible         |       |       |     1 |    25 ||    26
       Distracted        |       |       |       |     2 ||     2
Armor: Robe              |    21 |    62 |    39 |    60 ||   182
Dodge: Dodged            |    75 |   167 |   284 |   410 ||   936

Table legend: (Time is in decaauts)
 A = Elapsed time spent in this place.
 B = Non-inter-level travel time spent in this place.
 C = Inter-level travel time spent in this place.
 D = Time resting spent in this place.
 E = Time spent auto-exploring this place.
 F = Levels seen in this place.
 G = Mean time per level.
                   A        B        C        D        E       F      G
               +--------+--------+--------+--------+--------+-----+--------+
         Total |  18461 |  18004 |    457 |   1787 |   9715 |  14 | 1318.6 |
       Dungeon |  16928 |  16471 |    457 |   1436 |   9229 |  12 | 1410.7 |
        Temple |    525 |    525 |      0 |    149 |    291 |   1 |  525.0 |
         Sewer |   1007 |   1007 |      0 |    202 |    195 |   1 | 1007.0 |
               +--------+--------+--------+--------+--------+-----+--------+

Top non-repeatable levels by time:
     D:6: 1820 daAuts
     D:7: 1810 daAuts
     D:1: 1774 daAuts
    D:12: 1555 daAuts
     D:9: 1553 daAuts
     D:4: 1544 daAuts
     D:3: 1426 daAuts
     D:5: 1378 daAuts
     D:8: 1240 daAuts
    D:10: 1182 daAuts
     D:2: 1145 daAuts
   Sewer: 1007 daAuts
  Temple: 525 daAuts
    D:11: 495 daAuts
